 Dungeon Crawl Stone Soup version 0.18.1-50-g88ac8fd (webtiles) character file.

223 saintsgambit the Covered (level 5, -5/46 HPs)
             Began as a Minotaur Fighter on Sept 24, 2016.
             Killed by nerve-wracking pain
             ... invoked by a shadow imp
             ... summoned by Natasha
              (11 damage)
             ... on level 2 of the Dungeon.
             The game lasted 00:04:07 (1276 turns).

saintsgambit the Covered (Minotaur Fighter)         Turns: 1276, Time: 00:04:08

Health: -5/46      AC: 12    Str: 22    XL:     5   Next: 66%
Magic:  4/4        EV:  5    Int:  5    God:
Gold:   24         SH: 10    Dex:  9    Spells: 0 memorised, 4 levels left

rFire  . . .     SeeInvis .     a - +0 flail
rCold  . . .     Gourm    .     e - +0 plate armour
rNeg   . . .     Faith    .     c - +0 shield
rPois  .         Spirit   .     (helmet restricted)
rElec  .         Dismiss  .     (no cloak)
rCorr  .         Reflect  .     (no gloves)
SustAt .         Harm     .     (no boots)
MR     .....                    (no amulet)
Stlth  ..........               (no ring)
                                (no ring)

@: slowed, very slow, not resistant to hostile enchantments, extremely
unstealthy
A: retaliatory headbutt, horns 2
a: no special abilities


You were on level 2 of the Dungeon.
You were very hungry.

You visited 1 branch of the dungeon, and saw 2 of its levels.

You collected 24 gold pieces.

Inventory:

Hand Weapons
 a - a +0 flail (weapon)
Armour
 c - a +0 shield (worn)
 e - a +0 plate armour (worn)
 k - a +0 shield
 o - a +0 shield
Jewellery
 i - an uncursed ring of fire {unknown}
Wands
 d - a wand of flame (23/48)
Scrolls
 h - a scroll of remove curse
 j - a scroll of fog
 p - a scroll of recharging {unknown}
Comestibles
 f - a bread ration
 g - 3 meat rations


   Skills:
 + Level 4.3 Fighting
 + Level 2.8 Maces & Flails
 * Level 6.0 Armour
 + Level 0.9 Dodging
 + Level 0.5 Stealth
 + Level 5.0 Shields


You had 4 spell levels left.
You didn't know any spells.

Dungeon Overview and Level Annotations

Branches:
Dungeon (2/15)

Altars:

Annotations:
D:2 Natasha


Innate Abilities, Weirdness & Mutations

You reflexively headbutt those who attack you in melee.
You have a pair of horns on your head.


Message History

Natasha casts a spell at you. You resist with some effort.
Natasha mumbles some strange words.
You feel troubled.
The shadow imp hits you but does no damage.
Natasha casts a spell.
Natasha mumbles some strange words.
You hear a shout!
You block the shadow imp's attack.
Found a stone staircase leading down.
Natasha wildly gestures.
You feel troubled.
Natasha stares at you and mumbles some strange words.
The magic dart hits you!
The white imp shouts, "Quit, thou foppish mumble-news scut!"
The shadow imp hits you but does no damage.
A giant newt comes into view.
The shadow imp gestures at you. Pain shoots through your body!
You die...

.§....# #.# ##..........
§.)...###.# ##.##.....>
.......##.# #5# .....
..........#####.# .....
.....†##.......5##..###
......####.###..g.....###
......# #.....h5####...
####### ####.........# #
#...@.....# ..
#.........###..
#.........l>..#
#..........# #.........##
#....)....# #.....<...#
#.........# ###########


You could see Natasha, a gnoll, 2 white imps, a shadow imp and a giant newt.

Vanquished Creatures
  Sigmund (D:2)
  2 gnolls (D:2)
  An adder (D:2)
  A dart slug (D:1)
  A giant gecko (D:1)
  7 bats
  2 giant cockroaches
  5 goblins
  3 hobgoblins (D:1)
  2 jackals (D:1)
  A ball python (D:2)
  A giant newt (D:1)
  6 kobolds
  5 rats
38 creatures vanquished.

Notes
Turn   | Place    | Note
--------------------------------------------------------------
     0 | D:1      | saintsgambit the Minotaur Fighter began the quest for the Orb.
     0 | D:1      | Reached XP level 1. HP: 19/19 MP: 0/0
   119 | D:1      | Reached skill level 4 in Armour
   119 | D:1      | Reached XP level 2. HP: 27/27 MP: 1/1
  1004 | D:2      | Reached XP level 3. HP: 33/33 MP: 2/2
  1082 | D:2      | Noticed Sigmund
  1115 | D:2      | Killed Sigmund
  1115 | D:2      | Reached skill level 5 in Armour
  1115 | D:2      | Reached XP level 4. HP: 17/40 MP: 3/3
  1115 | D:2      | Reached XP level 5. HP: 20/46 MP: 4/4
  1188 | D:2      | Reached skill level 5 in Shields
  1196 | D:2      | Noticed Natasha
  1211 | D:2      | Reached skill level 6 in Armour
  1215 | D:2      | HP: 2/46 [white imp/puff of frost[Natasha] (3)]
  1276 | D:2      | Killed from afar by a shadow imp

Skill      XL: |  1  2  3  4  5 |
---------------+----------------+-----
Armour         | 4 5 6 |  6.0
Shields        | 4 5 |  5.0
Fighting       | 4 |  4.3
Maces & Flails | |  2.8
Dodging        | |  0.9
Stealth        | |  0.5

Action                   |  1- 3 |  4- 6 || total
-------------------------+-------+-------++-------
Melee: Flail             |    79 |    32 ||   111
       Headbutt          |    13 |     9 ||    22
  Use: Scroll            |     5 |       ||     5
       Potion            |     1 |     1 ||     2
Armor: Plate armour      |    42 |    20 ||    62
       Scale mail        |     2 |       ||     2
Dodge: Dodged            |    12 |     5 ||    17
Block: Shield            |    43 |    20 ||    63
